 Dungeon Crawl Stone Soup version 0.24-a0-264-gf46a388 (webtiles) character file.

Game seed: 7695113258162527653

9978 Martialus the Quickloader (level 11, -6/93 HPs)
             Began as a Deep Dwarf Hunter on Apr 19, 2019.
             Was a Follower of Okawaru.
             Mangled by a spiny frog (17 damage)
             ... on level 1 of the Lair of Beasts on Apr 20, 2019.
             The game lasted 00:51:31 (10600 turns).

Martialus the Quickloader (Deep Dwarf Hunter)      Turns: 10600, Time: 00:51:32

Health: -6/93      AC: 14    Str: 16    XL:     11   Next: 30%
Magic:  11/11      EV: 20    Int: 16    God:    Okawaru [*.....]
Gold:   403        SH:  0    Dex: 20    Spells: 10/10 levels left

rFire    + . .     SeeInvis .   q - +3 hand crossbow (freeze)
rCold    + + +     Gourm    .   (no shield)
rNeg     . . .     Faith    .   S - +2 leather armour {rC+}
rPois    +         Spirit   .   O - +2 helmet of Laigisige {Slay+3}
rElec    .         Reflect  .   L - scarf {rC+ rF+}
rCorr    .         Harm     .   y - +2 pair of gloves
MR       +....                  n - +2 pair of boots
Stlth    +++++.....             (no amulet)
HPRegen  0.00/turn              i - +6 ring of dexterity
MPRegen  0.12/turn              x - ring of poison resistance

@: non-regenerating
A: damage resistance, heal wounds, clever 1, cold resistance 1, frail 1, high mp
1, sense surroundings 2, no regeneration
a: Heal Wounds, Heroism, Renounce Religion


You were on level 1 of the Lair of Beasts.
You worshipped Okawaru.
Okawaru was aware of your devotion.
You were not hungry.

You visited 3 branches of the dungeon, and saw 13 of its levels.

You collected 627 gold pieces.
You spent 224 gold pieces at shops.

Inventory:

Hand Weapons
 p - a +0 dagger
 q - a +3 hand crossbow of freezing (weapon)
Armour
 n - a +2 pair of boots (worn)
 y - a +2 pair of gloves (worn)
 I - a +2 cloak of invisibility
 L - a scarf of resistance (worn)
 M - a +1 leather armour of fire resistance
 O - the +2 helmet of Laigisige (worn) {Slay+3}
   (You found it on level 7 of the Dungeon)

   It affects your accuracy and damage with ranged weapons and melee attacks
   (+3).
 S - a +2 leather armour of cold resistance (worn)
Jewellery
 i - a +6 ring of dexterity (left hand)
 j - an uncursed ring of fire
 k - an uncursed ring of ice
 m - an uncursed ring of magical power
 x - a ring of poison resistance (right hand)
Wands
 H - a wand of flame (15)
 R - a wand of iceblast (15)
 T - a wand of polymorph (13)
 U - a wand of acid (14)
 V - a wand of enslavement (11)
Scrolls
 c - a scroll of summoning {unknown}
 d - a scroll of enchant weapon {unknown}
 e - 4 scrolls of teleportation
 h - 2 scrolls of fear
 r - 2 scrolls of remove curse
 B - 6 scrolls of identify {unknown}
 D - a scroll of random uselessness {unknown}
 E - 4 scrolls of amnesia {unknown}
 F - a scroll of immolation {unknown}
 G - 2 scrolls of vulnerability {unknown}
 J - a scroll of holy word {unknown}
 P - 2 scrolls of fog {unknown}
 Q - a scroll of magic mapping {unknown}
Potions
 a - 2 potions of might
 g - 3 potions of lignification {unknown}
 l - a potion of flight {unknown}
 o - 2 potions of berserk rage {unknown}
 s - 3 potions of haste {unknown}
 t - 7 potions of curing {unknown}
 u - a potion of mutation
 v - a potion of heal wounds {unknown}
 w - a potion of degeneration {unknown}
 z - 3 potions of ambrosia {unknown}
 A - a potion of resistance {unknown}
 C - 3 potions of invisibility {unknown}
 K - a potion of agility {unknown}
 N - a potion of brilliance {unknown}
Comestibles
 f - 16 rations


   Skills:
 + Level 8.3 Fighting
 + Level 10.9 Crossbows
 - Level 0.1 Armour
 + Level 10.0 Dodging
 - Level 10.3 Stealth
 - Level 5.1 Evocations


You had 10 spell levels left.
You didn't know any spells.
Your spell library was empty.

Dungeon Overview and Level Annotations

Branches:
Dungeon (11/15)            Temple (1/1) D:6            Lair (1/6) D:8
    Orc: D:9-12

Altars:
Ashenzari
Cheibriados
Dithmenos
Elyvilon
Fedhas
Gozag
Makhleb
Nemelex Xobeh
Okawaru
Qazlal
Sif Muna
Trog
Uskayaw
Xom

Shops:
D:4 *(   D:10 !


Innate Abilities, Weirdness & Mutations

You are resistant to damage.
You can heal yourself by infusing magical energy.
You passively map the area around you.
You do not regenerate.
Your mind is acute. (Int +2)
Your flesh is cold resistant. (rC+)
You are frail. (-10% HP)
You have an increased reservoir of magic. (+10% MP)


Message History

Press: ? - help, Shift-Dir - straight line, f/p - spiny frog
Aim: a spiny frog (heavily wounded)
Okay, then.
Firing (i - inventory) No suitable missiles.
Press: ? - help, Shift-Dir - straight line, f/p - spiny frog
Aim: a spiny frog (heavily wounded)
Okay, then.
The spiny frog misses you.
You see here a bolt.
b - a bolt The porcupine closely misses you.
The spiny frog stings you!!
* * * LOW HITPOINT WARNING * * *
Firing (i - inventory)
b - a bolt (quivered)
Press: ? - help, Shift-Dir - straight line, f/p - spiny frog
Aim: a spiny frog (heavily wounded)
You shoot a bolt. The bolt hits the spiny frog!
The spiny frog seems to slow down.
The bolt freezes the spiny frog!
The spiny frog is almost dead.
The porcupine barely misses you. The spiny frog stings you!!
You die...

.##.#P#...#.#..## ,,
.........###.#...# * *
#####.##..###.#..#
#...##.#.###..# * *
##.####..# *..# * #
###...# #..#
|#####..,* *
#...8.###..# ##.#....>
, , * #..#....#..#
#........
#...#.....#.###@.%...#
, , ,
#..###..((.(..Fr..####
* ....$..#.(..8.....##
* ,
#.##.####((.....#.# ,
, ## # #..8(..8.#.# ,
,, * , #(.(.....###*,
, ,, * #(...8....# , *
#....(......... ** * ,
* * #.....####.#....
,, ,


You could see a spiny frog and a porcupine.

Vanquished Creatures
  3 death yaks
  Pikel (D:5)
  A komodo dragon (Lair:1)
  A rime drake (Lair:1)
  A troll (D:9)
  Sigmund (D:6)
  A spriggan (D:8)
  A wyvern (D:8)
  8 yaks (D:9)
  2 basilisks (Lair:1)
  Eustachio (D:6)
  2 hungry ghosts
  A water moccasin (Lair:1)
  5 porcupines
  2 black bears (D:10)
  2 phantoms
  A sky beast (D:6)
  2 ice beasts
  3 ogres
  A centaur (D:8)
  4 big kobolds
  8 bullfrogs
  A wyvern zombie (D:10)
  4 scorpions
  6 killer bees
  3 howler monkeys
  9 crimson imps
  A jelly (D:3)
  7 hounds
  Crazy Yiuf (D:5)
  A bullfrog skeleton (D:8)
  A centaur skeleton (D:3)
  4 orc priests
  11 orc wizards
  An iguana (D:5)
  5 worker ants
  4 hell rats (D:8)
  A killer bee zombie (D:6)
  A hound skeleton (D:8)
  A worker ant zombie (D:6)
  14 adders
  3 gnolls (D:9)
  A river rat (D:8)
  2 shadow imps
  2 oozes
  2 adder zombies
  An adder skeleton (D:4)
  2 worms (D:3)
  4 leopard geckos
  25 orcs
  A ball python (D:1)
  7 giant cockroaches
  12 goblins
  7 hobgoblins
  13 jackals
  26 kobolds
  8 quokkas
  3 bats (D:1)
  6 frilled lizards
  A leopard gecko zombie (D:6)
  21 rats
275 creatures vanquished.

Notes
Turn   | Place    | Note
-------+----------+-------------------------------------------
     0 | D:1      | Martialus the Deep Dwarf Hunter began the quest for the
                  | Orb.
     0 | D:1      | Reached XP level 1. HP: 19/19 MP: 1/1
    65 | D:1      | Reached XP level 2. HP: 24/26 MP: 2/2
   156 | D:1      | Reached skill level 5 in Crossbows
   641 | D:1      | Reached XP level 3. HP: 29/32 MP: 3/3
  1891 | D:3      | Reached XP level 4. HP: 39/39 MP: 3/3
  1971 | D:3      | Reached XP level 5. HP: 46/46 MP: 4/4
  2500 | D:4      | Found Wusmysk's Antique Weapon Shop.
  2505 | D:4      | Bought a runed hand crossbow for 136 gold pieces
  2589 | D:4      | Reached XP level 6. HP: 50/55 MP: 5/5
  3016 | D:4      | Found an opulent altar of Gozag.
  3134 | D:4      | Found Leps's Assorted Antiques.
  3226 | D:5      | Entered Level 5 of the Dungeon
  3294 | D:5      | Reached XP level 7. HP: 55/62 MP: 6/6
  3349 | D:5      | Found a white marble altar of Elyvilon.
  3671 | D:5      | Found a shadowy altar of Dithmenos.
  3937 | D:5      | Found a runed translucent door.
  3938 | D:5      | Noticed Crazy Yiuf
  3961 | D:5      | Killed Crazy Yiuf
  4265 | D:5      | Noticed Pikel
  4271 | D:5      | Killed Pikel
  4271 | D:5      | Reached skill level 5 in Dodging
  4271 | D:5      | Reached skill level 5 in Stealth
  4271 | D:5      | Reached XP level 8. HP: 53/73 MP: 6/9
  4807 | D:6      | Found a shattered altar of Ashenzari.
  4918 | D:6      | Noticed Sigmund
  4926 | D:6      | Killed Sigmund
  5117 | D:6      | Reached skill level 5 in Fighting
  5231 | D:6      | Found a snail-covered altar of Cheibriados.
  5231 | D:6      | Found a shimmering altar of Xom.
  5232 | D:6      | Found a hide-covered altar of Uskayaw.
  5351 | D:6      | Found a staircase to the Ecumenical Temple.
  5364 | D:6      | Noticed Eustachio
  5381 | D:6      | Killed Eustachio
  5381 | D:6      | Gained mutation: You passively map the area around you.
                  | [Deep Dwarf growth]
  5381 | D:6      | Reached XP level 9. HP: 51/81 MP: 11/11
  5816 | D:7      | Reached skill level 5 in Evocations
  5886 | D:7      | Got a brightly glowing helmet
  5892 | D:7      | Identified the +2 helmet of Laigisige {Slay+3} (You found
                  | it on level 7 of the Dungeon)
  6602 | D:8      | Noticed a death yak
  6610 | D:8      | Killed a death yak
  6611 | D:8      | Noticed a death yak
  7339 | D:8      | Reached XP level 10. HP: 23/92 MP: 12/12
  7509 | D:8      | Found a staircase to the Lair.
  7511 | D:8      | Noticed a death yak
  7625 | D:7      | HP: 2/92 [death yak (17)]
  7819 | D:8      | Found a sparkling altar of Nemelex Xobeh.
  8032 | D:8      | Killed a death yak
  8432 | D:8      | Found a sparkling altar of Nemelex Xobeh.
  8630 | D:9      | Found a stormy altar of Qazlal.
  8704 | D:9      | Reached skill level 10 in Stealth
  8715 | D:9      | Reached skill level 10 in Crossbows
  8866 | D:9      | Found a blossoming altar of Fedhas.
  9165 | D:10     | Entered Level 10 of the Dungeon
  9416 | D:10     | Reached XP level 11. HP: 77/102 MP: 9/9
  9526 | D:10     | Found Elidwide's Distillery.
  9797 | D:10     | Bought a potion of mutation for 88 gold pieces
  9797 | D:10     | Gained mutation: You have an increased reservoir of magic.
                  | (+10% MP) [potion of mutation]
  9797 | D:10     | Gained mutation: Your mind is acute. (Int +2) [potion of
                  | mutation]
  9797 | D:10     | Gained mutation: You are frail. (-10% HP) [potion of
                  | mutation]
  9797 | D:10     | Gained mutation: Your flesh is cold resistant. (rC+)
                  | [potion of mutation]
 10325 | Temple   | Entered the Ecumenical Temple
 10336 | Temple   | Became a worshipper of Warmaster Okawaru
 10371 | D:7      | Killed a death yak
 10422 | Lair:1   | Entered Level 1 of the Lair of Beasts
 10534 | Lair:1   | Reached * piety under Okawaru
 10596 | Lair:1   | Reached skill level 10 in Dodging
 10600 | Lair:1   | Mangled by a spiny frog

Levels and vault maps discovered:
D:1:      erik_arrival_orb_chamber, layout_basic
D:2:      layout_basic
D:3:      layout_rooms, serial_glass, glass_columns_c, glass_columns_a
D:4:      layout_basic, kennysheep_mini_moat, serial_shops, shop, shop,
          first_ration
D:5:      layout_layer_cave, elyvilon_altar_1, grunt_dithmenos_smoke,
          uniq_crazy_yiuf_cottage, uniq_pikel
D:6:      layout_cave_pods, old_standard_altar, gammafunk_temple_overflow_claw,
          minmay_temple_entry_arrows, uniq_eustachio, uniq_sigmund
D:7:      layout_basic
D:8:      layout_loops_ring, nicolae_overflow_crystal_walls, dpeg_lair_monsters,
          grunt_pizzeria, nicolae_two_hexagons, st_stairs_9,
          nemelex_diamond_rough_becter
D:9:      layout_cave_pools, grunt_temple_overflow_forces_of_nature
D:10:     layout_irregular_city, serial_shops, shop_statue,
          hangedman_decor_clover_reticule
D:11:     layout_stronghold
Temple:   nicolae_temple_hex_pool
Lair:1:   layout_loops_ring, grunt_megastairs_4, uniq_urug

Skill      XL: |  1  2  3  4  5  6  7  8  9 10 11 |
---------------+----------------------------------+-----
Crossbows      | 5 6 7 9 10 | 10.9
Fighting       | 2 3 4 5 6 7 8 |  8.3
Stealth        | 2 3 4 5 7 8 10 | 10.3
Dodging        | 3 4 5 6 7 9 10 | 10.0
Evocations     | 3 4 5 |  5.1
Armour         | |  0.1

Action                   |  1- 3 |  4- 6 |  7- 9 | 10-12 || total
-------------------------+-------+-------+-------+-------++-------
Melee: Hand crossbow     |    12 |       |       |       ||    12
       Dagger            |       |       |       |     7 ||     7
 Fire: Hand crossbow     |   115 |   131 |   206 |   324 ||   776
 Abil: Heal Wounds       |     1 |       |       |    11 ||    12
       Evoke Invisibilit |       |       |       |     1 ||     1
  Use: Scroll            |     3 |     2 |       |     2 ||     7
       Potion            |     1 |       |       |     1 ||     2
 Stab: Sleeping          |       |       |       |     1 ||     1
  Eat: Chunk             |     3 |     4 |    12 |     7 ||    26
       Ration            |       |       |       |     1 ||     1
Armor: Leather armour    |    11 |     6 |    29 |    42 ||    88
Dodge: Dodged            |    42 |    13 |    62 |   186 ||   303

Table legend:
 A = Non-vault XP
 B = Vault XP
 C = Vault XP percentage of total XP
 D = Non-vault monster count
 E = Vault monster count
 F = Vault count percentage of total count
                 A         B        C        D         E       F
            +---------+---------+-------+---------+---------+-------
      Total |    9162 |    5093 |  35.7 |     242 |      33 |  12.0
            +---------+---------+-------+---------+---------+-------
        D:1 |      47 |      12 |  20.3 |      28 |      12 |  30.0
        D:2 |      37 |       0 |   0.0 |      14 |       0 |   0.0
        D:3 |     177 |       0 |   0.0 |      22 |       0 |   0.0
        D:4 |     312 |       0 |   0.0 |      21 |       0 |   0.0
        D:5 |     356 |     705 |  66.4 |      15 |       2 |  11.8
        D:6 |     904 |     411 |  31.3 |      29 |       2 |   6.5
        D:7 |     475 |     861 |  64.4 |      14 |       1 |   6.7
        D:8 |    1602 |    2771 |  63.4 |      32 |      14 |  30.4
        D:9 |    2863 |       0 |   0.0 |      36 |       0 |   0.0
       D:10 |    1041 |       0 |   0.0 |      25 |       0 |   0.0
     Lair:1 |    1348 |     333 |  19.8 |       6 |       2 |  25.0
            +---------+---------+-------+---------+---------+-------
